 Dungeon Crawl Stone Soup version 0.31-a0-187-gba352fbbf7 (webtiles) character file.

Game seed: 804426864989335431

2 qw the Shooter (level 1, 0/12 HPs)
             Began as a Deep Elf Hunter on June 22, 2023.
             Frozen to death by an endoplasm (2 damage)
             ... on level 1 of the Dungeon.
             The game lasted 00:00:02 (76 turns).

qw the Shooter (Deep Elf Hunter)                      Turns: 76, Time: 00:00:02

Health: 0/12       AC:  3    Str:  8    XL:     1   Next: 33%
Magic:  3/3        EV: 12    Int: 13    God:
Gold:   7          SH:  0    Dex: 18    Spells: 0/0 levels left

rFire   . . .        a - +0 shortbow
rCold   . . .        (shield currently unavailable)
rNeg    . . .        c - +0 leather armour
rPois   .            (no helmet)
rElec   .            (no cloak)
rCorr   .            (no gloves)
SInv    .            (no boots)
Will    .....        (no amulet)
Stlth   ++           (no ring)
HPRegen 0.22/turn    (no ring)
MPRegen 0.08/turn

%: no passive effects
@: no status effects
A: no striking features
a: no special abilities


You were on level 1 of the Dungeon.
You visited 1 branch of the dungeon, and saw 1 of its levels.

You collected 7 gold pieces.


   Skills:
 - Level 1.5 Fighting
 + Level 5.5 Ranged Weapons
 - Level 2.4 Dodging
 - Level 1.2 Stealth


You couldn't memorise any spells.
You didn't know any spells.
Your spell library was empty.

Inventory:

Hand Weapons
 a - a +0 shortbow (weapon)
Armour
 c - a +0 leather armour (worn)
 d - a +0 pair of gloves
Scrolls
 b - a scroll of butterflies
 e - a scroll of noise {unknown}
 f - a scroll of identify {unknown}
Potions
 g - a potion of lignification {unknown}

Dungeon Overview and Level Annotations

Branches:
Dungeon (1/15)

Altars:


Message History

You shoot an arrow. The endoplasm quivers.
The arrow hits the jackal.
The jackal is almost dead.
A jackal comes into view.
You shoot an arrow. The arrow closely misses the jackal.
The jackal barks!
You shoot an arrow.
The arrow hits the jackal but does no damage.
The jackal is almost dead.
The jackal closely misses you. The jackal barely misses you.
You shoot an arrow. The arrow closely misses the jackal.
The jackal bites you. The jackal barely misses you.
The jackal bites you but does no damage.
The jackal barely misses you.
You shoot an arrow. The arrow closely misses the jackal.
The jackal bites you. The jackal closely misses you.
You shoot an arrow. The arrow closely misses the jackal.
The jackal barely misses you. The jackal bites you. x2
The jackal barely misses you. The jackal completely misses you.
The jackal barely misses you.
You shoot an arrow. The arrow hits the jackal.
You kill the jackal!
The jackal bites you but does no damage.
A giant cockroach comes into view.
The jackal closely misses you. The jackal barely misses you.
The jackal bites you.
The jackal bites you but does no damage.
The giant cockroach moves out of view.
You shoot an arrow. The arrow closely misses the jackal.
The jackal bites you but does no damage.
The jackal closely misses you. The jackal bites you. The jackal misses you.
The endoplasm hits you.
You shoot an arrow. The arrow hits the jackal.
You kill the jackal!
The jackal closely misses you. The jackal barely misses you.
The jackal closely misses you. The endoplasm freezes you.
You are frozen.
You die...

#...#.... ..B
#######...#.... ..
.......#.#.##''# ..
#......#.#.#.... #.
#.._.....#.###..
#.##......#.#.# #.#
##.###.#.........#.###.#
......hJ.....#..........
#.h@.........#.#####
#..#...........#
#..##........### #..
#.#....###
......#..........
##........########
#.#####..# ... #.## .
..#


You could see an endoplasm, 2 jackals and a giant cockroach (wandering).

Vanquished Creatures
  A hobgoblin (D:1)
  2 jackals (D:1)
3 creatures vanquished.

Notes
Turn   | Place    | Note
-------+----------+-------------------------------------------
     0 | D:1      | qw the Deep Elf Hunter began the quest for the Orb.
     0 | D:1      | Reached XP level 1. HP: 12/12 MP: 3/3
     0 | D:1      | 0 ||| qw: Version: 0.3-a-9-g12657ce
     0 | D:1      | 0 ||| qw: Game counter: 2197
     0 | D:1      | 0 ||| qw: Always use a shield: true
     0 | D:1      | 0 ||| qw: God list: Okawaru
     0 | D:1      | 0 ||| qw: Allow faded altars: false
     0 | D:1      | 0 ||| qw: Do Orc after D:15 true
     0 | D:1      | 0 ||| qw: Do second Lair branch before Depths: true
     0 | D:1      | 0 ||| qw: Lair rune preference: random
     0 | D:1      | 0 ||| qw: Plans: Normal
     0 | D:1      | 0 ||| PLANNING D:1-11
    51 | D:1      | Found a faded altar of an unknown god.
    75 | D:1      | HP: 2/12 [endoplasm (2)]
    76 | D:1      | Frozen to death by an endoplasm

Levels and vault maps discovered:
D:1:      lemuel_arrival_behind_the_door_large, layout_basic,
          ebering_ecumenical_altar_sacrificial,
          nicolae_concentric_dashed_squares_wild

Action                     || total
---------------------------++-------
   Fire: Shortbow          ||    13
 Armour: Leather armour    ||     4
  Dodge: Dodged            ||    16

Table legend:
 A = Non-vault XP
 B = Vault XP
 C = Vault XP percentage of total XP
 D = Non-vault monster count
 E = Vault monster count
 F = Vault count percentage of total count
                 A         B        C        D         E       F
            +---------+---------+-------+---------+---------+-------
      Total |       6 |       0 |   0.0 |       3 |       0 |   0.0
            +---------+---------+-------+---------+---------+-------
        D:1 |       6 |       0 |   0.0 |       3 |       0 |   0.0
            +---------+---------+-------+---------+---------+-------
